 Dungeon Crawl Stone Soup version 0.26.0-45-g9c1d065592 (webtiles) character file.

Game seed: 1253430393599958029

678 Gadfly the Warrior (level 7, -1/53 HPs)
             Began as a Formicid Fighter on Feb 1, 2021.
             Was a Believer of Okawaru.
             Splashed by Ijyb's acid (11 damage)
             ... on level 4 of the Dungeon.
             The game lasted 00:06:07 (4201 turns).

Gadfly the Warrior (Formicid Fighter)               Turns: 4201, Time: 00:06:07

Health: -1/53      AC:  6    Str: 21    XL:     7   Next: 91%
Magic:  10/10      EV:  6    Int:  8    God:    Okawaru [**....]
Gold:   179        SH:  9    Dex: 11    Spells: 6/6 levels left

rFire    . . .     SeeInvis +   a - +1 trident
rCold    + . .     Faith    +   c - +0 kite shield
rNeg     . . .     Spirit   .   f - +0 chain mail
rPois    +         Reflect  .   (helmet unavailable)
rElec    .         Harm     .   (no cloak)
rCorr    .         Rampage  .   l - +0 pair of gloves
Will     .....                  (no boots)
Stlth    ..........             n - amulet of faith
HPRegen  0.17/turn              (no ring)
MPRegen  0.12/turn              (no ring)

@: corroded
A: permanent stasis, dig shafts and tunnels, four strong arms, antennae 3, beak,
cold resistance 1, poison resistance
a: Dig, Shaft Self, Renounce Religion, Heroism


You were on level 4 of the Dungeon.
You worshipped Okawaru.
Okawaru was pleased with you.
You visited 2 branches of the dungeon, and saw 5 of its levels.

You collected 179 gold pieces.

Inventory:

Hand Weapons
 a - a +1 trident (weapon)
 j - a +0 halberd
 s - a +0 arbalest
 t - a +0 whip of freezing
Missiles
 v - 17 bolts
Armour
 c - a +0 kite shield (worn)
 f - a +0 chain mail (worn)
 l - a +0 pair of gloves (worn)
Jewellery
 n - an amulet of faith (around neck)
Scrolls
 h - 2 scrolls of enchant weapon
 m - 2 scrolls of identify
 o - a scroll of fog {unknown}
 p - a scroll of immolation {unknown}
 u - a scroll of random uselessness {unknown}
 w - a scroll of remove curse {unknown}
Potions
 d - a potion of might
 e - 2 potions of brilliance {unknown}
 g - 3 potions of cancellation
 i - a potion of mutation
 k - a potion of heal wounds {unknown}
 q - a potion of lignification {unknown}
 r - 2 potions of haste {unknown}


   Skills:
 + Level 3.8 Fighting
 * Level 3.2 Polearms
 + Level 3.9 Crossbows
 * Level 3.7 Armour
 + Level 4.2 Shields
 + Level 4.4 Invocations
 + Level 4.0 Evocations


You had 6 spell levels left.
You didn't know any spells.
Your spell library was empty.

Dungeon Overview and Level Annotations

Branches:
Dungeon (4/15)             Temple (1/1) D:4

Altars:
Ashenzari
Cheibriados
Gozag
Kikubaaqudgha
Okawaru
Qazlal
Sif Muna
Trog
Uskayaw
Wu Jian
Xom
Yredelemnul
Zin
The Shining One

Annotations:
D:4 Ijyb


Innate Abilities, Weirdness & Mutations

You cannot be hasted, slowed, berserked, paralysed or teleported.
You can dig through walls and to a lower floor.
Your four strong arms can wield two-handed weapons with a shield.
You have a pair of large antennae on your head. (SInv)
You have a beak for a mouth.
Your flesh is cold resistant. (rC+)
Your system is resistant to poisons. (rPois)


Message History

You are splashed with acid!
* * * LOW HITPOINT WARNING * * *
You are too injured to fight recklessly!
You are too injured to fight recklessly!
You feel better.
Evoke which item? (* to show all) (? for menu, Esc to quit)
Okay, then.
It was a potion of mutation.
You feel extremely strange.
You feel resistant to poisons.
Your mouth lengthens and hardens into a beak!
You feel resistant to cold.
Ijyb zaps a wand.
The bolt of acid misses you.
You are too injured to fight recklessly!
You are too injured to fight recklessly!
You closely miss Ijyb.
Ijyb is moderately wounded.
Ijyb zaps a wand.
The bolt of acid hits you!
* * * LOW HITPOINT WARNING * * *
You are splashed with acid!
You die...

⌠..>..⌠........#####.#
............#..# #.#
##...###.......# #.#
#.⌠.# #....##.#####.####
##...###.......(...^....#
............##.(####.##.#
............###.## #.##.#
............# #..###.##.#
....#########
##@#....#.####### ....#
#g..#..........# ....#
####..#..........# #####
.................#
)................#
.................#
####.#..........#
#####.#.##########
##########.......(.#


You could see Ijyb.

Vanquished Creatures
  Pikel (Temple)
  A scorpion (D:3)
  A howler monkey (D:4)
  An iguana (D:4)
  3 gnolls
  4 adders
  3 oozes
  2 worms (D:2)
  2 dart slugs
  A leopard gecko (D:3)
  An orc (D:3)
  5 bats
  6 giant cockroaches
  6 hobgoblins
  6 jackals
  4 kobolds
  2 quokkas
  2 frilled lizards (D:3)
  2 goblins
  8 rats
61 creatures vanquished.

Notes
Turn   | Place    | Note
-------+----------+-------------------------------------------
     0 | D:1      | Gadfly the Formicid Fighter began the quest for the Orb.
     0 | D:1      | Reached XP level 1. HP: 18/18 MP: 1/1
   213 | D:1      | Reached XP level 2. HP: 24/24 MP: 2/2
   430 | D:1      | Reached skill level 1 in Invocations
   497 | D:1      | Reached skill level 1 in Evocations
   497 | D:1      | Reached XP level 3. HP: 29/29 MP: 3/3
  1023 | D:2      | Reached XP level 4. HP: 28/35 MP: 5/5
  2188 | D:3      | Reached XP level 5. HP: 27/42 MP: 6/6
  2333 | D:3      | Found a snail-covered altar of Cheibriados.
  3464 | D:4      | Found a staircase to the Ecumenical Temple.
  3489 | Temple   | Entered the Ecumenical Temple
  3494 | Temple   | Became a worshipper of Warmaster Okawaru
  3505 | D:4      | Reached XP level 6. HP: 48/48 MP: 8/8
  3577 | D:4      | Noticed Pikel
  3607 | Temple   | Killed Pikel
  3607 | Temple   | Reached * piety under Okawaru
  3607 | Temple   | Reached ** piety under Okawaru
  3608 | Temple   | Reached XP level 7. HP: 42/53 MP: 8/10
  3945 | D:4      | Noticed Ijyb
  4200 | D:4      | Gained mutation: Your system is resistant to poisons.
                  | (rPois) [potion of mutation]
  4200 | D:4      | Gained mutation: You have a beak for a mouth. [potion of
                  | mutation]
  4200 | D:4      | Gained mutation: Your flesh is cold resistant. (rC+)
                  | [potion of mutation]
  4201 | D:4      | Splashed by Ijyb's acid

Illustrated notes

Levels and vault maps discovered:
D:1:      dpeg_arrival_round_a, layout_basic
D:2:      layout_basic
D:3:      wander_river, layout_basic, cheibriados_altar_1
D:4:      layout_basic, minmay_temple_entry_junction, uniq_ijyb, uniq_pikel
Temple:   cyrus_circular_temple

Skill      XL: |  1  2  3  4  5  6  7 |
---------------+----------------------+-----
Invocations    | 1 2 4 |  4.4
Evocations     | 1 2 3 4 |  4.0
Shields        | 4 |  4.2
Polearms       | 3 |  3.2
Crossbows      | 3 |  3.9
Fighting       | |  3.8
Armour         | |  3.7

Action                   |  1- 3 |  4- 6 |  7- 9 || total
-------------------------+-------+-------+-------++-------
Melee: Trident           |    78 |   116 |    26 ||   220
       Halberd           |       |    25 |       ||    25
  Use: Scroll            |     4 |     1 |       ||     5
       Potion            |       |       |     2 ||     2
Armor: Scale mail        |     2 |       |       ||     2
       Chain mail        |    24 |    52 |    28 ||   104
Dodge: Dodged            |    10 |    27 |    18 ||    55
Block: Kite shield       |    29 |    63 |    29 ||   121
